 Dungeon Crawl Stone Soup version 0.32-a0-999-gfa1cc04b1d (webtiles) character file.

Game seed: 10679322471037375417

268 DrKenneth the Trooper (level 6, -3/56 HPs)
             Began as a Minotaur Fighter on Apr 25, 2024.
             Incinerated by a bombardier beetle (5 damage)
             ... with a burning spray
             ... on level 5 of the Dungeon.
             The game lasted 00:05:49 (1792 turns).

DrKenneth the Trooper (Minotaur Fighter)            Turns: 1792, Time: 00:05:50

Health: -3/56      AC:  7    Str: 23    XL:     6   Next: 1%
Magic:  5/5        EV: 13    Int:  5    God:
Gold:   110        SH:  4    Dex:  9    Spells: 5/5 levels left

rFire   . . .        a - +0 war axe
rCold   . . .        c - +0 buckler
rNeg    . . .        b - +0 scale mail
rPois   .            (helmet restricted)
rElec   .            (no cloak)
rCorr   .            (no gloves)
SInv    .            (no boots)
Will    .....        (no amulet) Stlth
                     k - +5 ring of evasion
HPRegen 0.29/turn    (no ring)
MPRegen 0.09/turn

%: no passive effects
@: lethally poisoned (-3 -> -8), on fire, glowing
A: horns 2, retaliatory headbutt
a: no special abilities


You were on level 5 of the Dungeon.
You visited 1 branch of the dungeon, and saw 5 of its levels.

You collected 110 gold pieces.

Inventory:

Hand Weapons
 a - a +0 war axe (weapon)
Armour
 b - a +0 scale mail (worn)
 c - a +0 buckler (worn)
 e - a +1 ring mail of fire resistance
Jewellery
 k - a +5 ring of evasion (left hand)
Wands
 m - a wand of warping (8)
Scrolls
 f - a scroll of fog {unknown}
 j - 2 scrolls of fear {unknown}
 l - 2 scrolls of identify {unknown}
 n - a scroll of enchant armour {unknown}
 o - a scroll of noise {unknown}
Potions
 d - 2 potions of might
 g - a potion of resistance {unknown}
 h - 2 potions of heal wounds {unknown}
 i - 3 potions of brilliance {unknown}


   Skills:
 + Level 5.1 Fighting
 + Level 4.3 Axes
 + Level 5.1 Armour
 + Level 5.1 Shields


You had 5 spell levels left.
You didn't know any spells.
Your spell library contained the following spells:

 Spells                   Type           Power      Damage    Failure   Level
 Necrotise                Necr           0%         1d4       83%         1


Dungeon Overview and Level Annotations

Branches:
Dungeon (5/15)
 Temple: D:4-7

Altars:
Fedhas
Hepliaklqana
Okawaru
Vehumet

Shops:
D:3 !


Innate Abilities, Weirdness & Mutations

You have a pair of horns on your head.
You reflexively headbutt those who attack you in melee.


Message History

The killer bee closely misses you.
The bombardier beetle sprays incendiary fluid at you.
The burning spray hits you.
You are covered in liquid fire!
The killer bee closely misses you.
You completely miss the killer bee.
The killer bee is heavily wounded.
You slash the bombardier beetle! The liquid fire burns you!
You feel sick. The killer bee stings you. You block the killer bee's attack.
The bombardier beetle completely misses you.
The killer bee stings you.
* * * LOW HITPOINT WARNING * * *
You are more poisoned.
The killer bee poisons you!
You shake off some of the fire as you move.
The liquid fire burns you!
* * * LOW HITPOINT WARNING * * *
x2 You feel very sick.
The killer bee completely misses you. You furiously retaliate!
You headbutt the killer bee!
You kill the killer bee!
Your Fighting skill increases to level 5!
You have reached level 6!
Unknown command.
You shake off some of the fire as you move.
The liquid fire burns you!
* * * LOW HITPOINT WARNING * * *
x2 You feel sick.
Unknown command.
You shake off the liquid fire.
* * * LOW HITPOINT WARNING * * *
You feel sick.
The bombardier beetle sprays incendiary fluid at you.
The burning spray hits you.
You are covered in liquid fire!
You slash the bombardier beetle! You headbutt the bombardier beetle.
You kill the bombardier beetle!
The liquid fire burns you!
You die...

##...##
##.....##
#.......#
#.......#
#.......#
##.....## #
#.......# ..#
#.<.....###.....
#......@.†......
##.....#.####..#
##...##... #.##
####.. #.. ##
#.. ... ...


There were no monsters in sight!

Vanquished Creatures
  3 killer bees (D:5)
  A bombardier beetle (D:5)
  An orc priest (D:2)
  4 adders
  A ribbon worm (D:4)
  6 orcs
  2 ball pythons
  10 bats
  5 endoplasms
  A giant cockroach (D:3)
  3 hobgoblins
  4 jackals (D:3)
  2 kobolds
  3 quokkas
  4 frilled lizards
  7 goblins
  7 rats
  A spectral orc (D:3)
65 creatures vanquished.

Notes
Turn   | Place    | Note
-------+----------+-------------------------------------------
     0 | D:1      | DrKenneth the Minotaur Fighter began the quest for the Orb.
     0 | D:1      | Reached XP level 1. HP: 19/19 MP: 0/0
   187 | D:1      | Reached XP level 2. HP: 23/27 MP: 1/1
   654 | D:2      | Reached XP level 3. HP: 21/33 MP: 2/2
   934 | D:2      | Reached XP level 4. HP: 40/40 MP: 3/3
  1131 | D:3      | Found a blossoming altar of Fedhas.
  1290 | D:3      | Found a faded altar of an unknown god.
  1300 | D:3      | Got Plato's Compilation of the Tomb
  1311 | D:3      | Found Oning's Distillery.
  1335 | D:3      | Found a radiant altar of Vehumet.
  1488 | D:3      | Found a hazy altar of Hepliaklqana.
  1717 | D:4      | Found an iron altar of Okawaru.
  1764 | D:4      | Reached XP level 5. HP: 47/47 MP: 4/4
  1772 | D:4      | You fall into a shaft and drop 1 floor!
  1772 | D:5      | Entered Level 5 of the Dungeon
  1786 | D:5      | Reached skill level 5 in Armour
  1786 | D:5      | Reached skill level 5 in Shields
  1790 | D:5      | Reached skill level 5 in Fighting
  1790 | D:5      | Reached XP level 6. HP: 9/56 MP: 5/5
  1791 | D:5      | HP: 2/56 [poisoned by a killer bee]
  1792 | D:5      | Incinerated by a bombardier beetle

Illustrated notes

Levels and vault maps discovered:
D:1:      scummos_arrival_gate, layout_basic
D:2:      cheibrodos_old_hovel, layout_rooms, minmay_close_crescents
D:3:      layout_rooms, old_standard_altar, fedhas_altar_4,
          nicolae_hepliaklqana_monster_ancestors, serial_shops, shop,
          shapermc_ecumenical_altar_rom_forum
D:4:      layout_loops_cross, mainiacjoe_overflow_concentric_impassable,
          minmay_misc_feat_five, nicolae_stop_n_shop_1
D:5:      layout_rooms, ebering_ghost_disaster_area, uniq_prince_ribbit1,
          uniq_eustachio, uniq_grinder

Skill      XL: |  1  2  3  4  5 |
---------------+----------------+-----
Fighting       | 4 5 |  5.1
Armour         | 4 5 |  5.1
Shields        | 4 5 |  5.1
Axes           | 3 4 |  4.3

Action                     |  1- 3 |  4- 6 || total
---------------------------+-------+-------++-------
  Melee: War axe           |    68 |    61 ||   129
         Headbutt          |     8 |     6 ||    14
 Armour: Scale mail        |    48 |    60 ||   108
  Dodge: Dodged            |    31 |    49 ||    80
  Block: Buckler           |    17 |    24 ||    41

Table legend: (Time is in decaauts)
 A = Elapsed time spent in this place.
 B = Non-inter-level travel time spent in this place.
 C = Inter-level travel time spent in this place.
 D = Time resting spent in this place.
 E = Time spent auto-exploring this place.
 F = Levels seen in this place.
 G = Mean time per level.
                   A        B        C        D        E       F      G
               +--------+--------+--------+--------+--------+-----+--------+
         Total |   1836 |   1586 |    250 |     44 |   1147 |   5 |  367.2 |
       Dungeon |   1836 |   1586 |    250 |     44 |   1147 |   5 |  367.2 |
               +--------+--------+--------+--------+--------+-----+--------+

Top non-repeatable levels by time:
     D:1: 633 daAuts
     D:3: 535 daAuts
     D:2: 517 daAuts
     D:4: 127 daAuts
     D:5: 22 daAuts
